 Dungeon Crawl Stone Soup version 0.20.0-10-g0535bb4 (webtiles) character file.

15771 tognito the Executioner (level 12, -3/132 (135) HPs)
             Began as a Minotaur Berserker on June 4, 2017.
             Was a High Priest of Trog.
             Slain by a vampire mosquito (7 damage)
             ... on level 12 of the Dungeon.
             The game lasted 00:29:45 (12106 turns).

tognito the Executioner (Minotaur Berserker)       Turns: 12106, Time: 00:29:46

HP:   -3/132 (135)  AC: 21    Str: 36    XL:     12   Next: 4%
MP:   3/3           EV:  7    Int:  4    God:    Trog [*****.]
Gold: 712           SH:  0    Dex: 13    Spells: 11/11 levels left

rFire    + + .     SeeInvis .   a - +5 battleaxe (antimagic)
rCold    x x .     Gourm    .   (shield currently unavailable)
rNeg     . . .     Faith    +   H - +0 crystal plate armour
rPois    .         Spirit   .   (helmet restricted)
rElec    .         Reflect  .   A - +0 cloak
rCorr    .         Harm     .   e - +2 pair of gloves {Str+3}
MR       +....                  k - +1 pair of boots
Stlth    ..........             m - amulet of faith
Regen    0.4/turn               w - ring of fire
MPRegen  0.1/turn               L - ring "Xolysch" {Fire +Inv MR+ Str+2 Dex+2}

@: berserking, very quick
A: retaliatory headbutt, horns 2
a: Berserk, Trog's Hand, Brothers in Arms, Burn Spellbooks, Renounce Religion,
Evoke Invisibility


You were on level 12 of the Dungeon.
You worshipped Trog.
Trog was extremely pleased with you.
You were hungry.

You visited 1 branch of the dungeon, and saw 12 of its levels.
You also visited: Bailey.

You collected 712 gold pieces.

Inventory:

Hand Weapons
 a - a +5 antimagic battleaxe (weapon)
 b - a +0 hand crossbow
 J - a +5 vampiric executioner's axe
 M - a +1 broad axe of freezing
Missiles
 n - 46 bolts
Armour
 e - a +2 pair of gloves of strength (worn)
 h - the +4 chain mail "Qaptidal" {rCorr Dex+6 Stlth-}
   (You found it on level 5 of the Dungeon)

   It affects your dexterity (+6).
   It protects you from acid and corrosion.
   It makes you less stealthy.
 k - a +1 pair of boots (worn)
 A - a +0 cloak (worn)
 H - a +0 crystal plate armour (worn)
Jewellery
 m - an amulet of faith (around neck)
 w - a ring of fire (left hand)
 L - the ring "Xolysch" (right hand) {Fire +Inv MR+ Str+2 Dex+2}
   (You found it on level 10 of the Dungeon)

   [ring of fire]

   It enhances your fire magic.
   It affects your strength (+2).
   It affects your dexterity (+2).
   It protects you from fire.
   It makes you vulnerable to cold.
   It affects your resistance to hostile enchantments.
   It lets you turn invisible.
 N - the amulet "Zeaw" {Inacc Int+4 SInv}
   (You found it on level 10 of the Dungeon)

   [amulet of inaccuracy]

   It reduces the accuracy of all your attacks.
   It affects your intelligence (+4).
   It lets you see invisible.
 Q - a cursed -3 ring of slaying {unknown}
Wands
 r - a wand of acid (10/15)
 s - a wand of paralysis (14/24)
 v - a wand of polymorph (8/24)
 y - a wand of lightning (7/15)
 z - a wand of clouds (6/9)
 B - a wand of scattershot (4/9)
 E - a wand of acid (5/15)
 F - a wand of acid (9/15)
Scrolls
 f - 2 scrolls of identify
 i - 2 scrolls of remove curse
 p - a scroll of magic mapping
 t - 7 scrolls of teleportation
 C - a scroll of recharging
 O - a scroll of fear
 P - a scroll of enchant armour
Potions
 j - a potion of agility
 o - a potion of magic
 q - a potion of heal wounds
 u - 4 potions of curing
 D - a potion of might
 G - a potion of cancellation
 K - a potion of brilliance
Miscellaneous
 g - a sack of spiders
 I - a box of beasts
Comestibles
 c - 13 bread rations
 d - 13 fruits
 l - 4 royal jellies
 x - 2 meat rations


   Skills:
 - Level 3.6 Fighting
 + Level 21.1 Axes
 - Level 2.4 Armour
 - Level 2.1 Dodging


You had 11 spell levels left.
You didn't know any spells.

Dungeon Overview and Level Annotations

Branches:
Dungeon (12/15)            Temple (0/1) D:7            Lair (0/6) D:10
    Orc (0/2) D:9

Altars:
Dithmenos

Shops:
D:4 (   D:5 *   D:6 %   D:8 :

Portals:
Trove: D:10 (give +3 storm dragon scales)


Innate Abilities, Weirdness & Mutations

You reflexively headbutt those who attack you in melee.
You have a pair of horns on your head.


Message History

The vampire mosquito closely misses you. x2
The gargoyle hits you but does no damage.
You slice the cyclops!!
You feel the power of Trog in you as your rage grows.
You kill the cyclops!
Trog accepts your kill.
Your life force feels restored.
You have reached level 12!
Your experience leads to an increase in your attributes!
Your base attributes are Str 24, Int 4, Dex 11.
Increase (S)trength, (I)ntelligence, or (D)exterity?
You feel stronger. x2
You slice the gargoyle!!
You destroy the gargoyle!
Trog accepts your kill.
You slice the vampire mosquito!! You hit the vampire mosquito.
You slash the vampire mosquito!
The vampire mosquito bites you but does no damage.
The vampire mosquito bites you!
You die...

#...#####
#...#...##
#.....$..##
#####...:.....#
...............
...(...........
......y).......
#.y@(......
###.y......#.
#....(....##
#....(#.###
#.....#.#
#.....#.#
#..#..# #
######..).#..#
........)###.#


You could see 3 vampire mosquitoes.

Vanquished Creatures
  Erolcha (D:9)
  A two-headed ogre (D:10)
  A cyclops (D:12)
  2 ugly things (D:11)
  2 centaur zombies (D:11)
  A gargoyle (D:12)
  2 trolls
  2 hornets
  2 hippogriffs
  2 wraiths
  A spriggan (D:7)
  20 yaks
  A wyvern (D:11)
  2 hungry ghosts (D:11)
  3 vampire mosquitoes (D:10)
  2 wargs (D:10)
  5 sky beasts
  3 ice beasts
  3 black bears
  5 orc warriors
  An eye of draining (D:10)
  A necrophage (D:11)
  2 phantoms (D:7)
  4 ogres
  A centaur (D:10)
  A crocodile (D:9)
  3 big kobolds
  10 bullfrogs
  8 gnoll sergeants (Bailey)
  3 scorpions
  4 killer bees (D:10)
  8 wights
  3 electric eels (D:8)
  2 howler monkeys (D:8)
  2 bullfrog zombies
  6 crimson imps
  2 quasits
  2 jellies
  A centaur skeleton (D:10)
  6 orc priests
  5 gnoll shamans (Bailey)
  8 hounds
  15 orc wizards
  20 worker ants
  A killer bee zombie (D:7)
  A hound zombie (D:6)
  3 worker ant zombies
  A howler monkey zombie (D:7)
  9 adders
  16 gnolls
  An ooze (D:2)
  An adder skeleton (D:4)
  An adder zombie (D:10)
  A worm (D:4)
  2 dart slugs
  10 leopard geckos
  33 orcs
  4 bats
  4 giant cockroaches
  9 goblins
  7 hobgoblins
  12 jackals
  39 kobolds
  4 quokkas
  5 frilled lizards
  A leopard gecko skeleton (D:5)
  10 rats
  15 plants
369 creatures vanquished.

Vanquished Creatures (collateral kills)
  A gnoll shaman (Bailey)
  3 gnolls (Bailey)
4 creatures vanquished.

Vanquished Creatures (others)
  A plant (D:8)
1 creature vanquished.

Grand Total: 374 creatures vanquished

Notes
Turn   | Place    | Note
-------+----------+-------------------------------------------
     0 | D:1      | tognito the Minotaur Berserker began the quest for the Orb.
     0 | D:1      | Reached XP level 1. HP: 19/19 MP: 0/0
    15 | D:1      | Reached skill level 4 in Axes
   178 | D:1      | Reached XP level 2. HP: 21/26 MP: 1/1
   677 | D:1      | Reached skill level 5 in Axes
   774 | D:2      | Reached XP level 3. HP: 30/31 MP: 2/2
   800 | D:2      | Reached ** piety under Trog
  1273 | D:2      | Reached XP level 4. HP: 27/39 MP: 3/3
  1326 | D:2      | Reached skill level 6 in Axes
  1642 | D:3      | Reached XP level 5. HP: 34/45 MP: 4/4
  1781 | D:3      | Reached skill level 7 in Axes
  2265 | D:4      | Reached *** piety under Trog
  2485 | D:4      | Reached skill level 8 in Axes
  2491 | D:4      | Reached XP level 6. HP: 45/51 MP: 5/5
  3231 | D:4      | Reached skill level 9 in Axes
  3462 | D:4      | Found Aqirghen's Weapon Shop.
  3709 | D:4      | Reached XP level 7. HP: 20/57 MP: 6/6
  4059 | D:5      | Entered Level 5 of the Dungeon
  4298 | D:5      | Reached skill level 10 in Axes
  4337 | D:5      | Got a steaming chain mail
  4348 | D:5      | Identified the +4 chain mail "Qaptidal" {rCorr Dex+6 Stlth-} (You found it on level 5 of the Dungeon)
  4399 | D:5      | Reached **** piety under Trog
  4945 | D:5      | Found Difis's General Store.
  5259 | D:5      | Identified a scroll of acquirement
  5317 | D:6      | Reached skill level 11 in Axes
  5361 | D:6      | Reached XP level 8. HP: 61/64 MP: 7/7
  5385 | D:6      | Found Wetet's Food Emporium.
  5507 | D:6      | Reached skill level 12 in Axes
  5513 | D:6      | Reached skill level 13 in Axes
  5916 | D:7      | Reached ***** piety under Trog
  5950 | D:7      | Noticed a hippogriff
  5951 | D:7      | Reached XP level 9. HP: 70/70 MP: 8/8
  5961 | D:7      | Reached skill level 14 in Axes
  6619 | D:7      | Found a staircase to the Ecumenical Temple.
  6690 | D:7      | Reached skill level 15 in Axes
  6888 | D:8      | Found Nibiqit's Book Shoppe.
  7000 | D:8      | Found a shadowy altar of Dithmenos.
  7013 | D:8      | Reached skill level 16 in Axes
  7128 | D:8      | Received a gift from Trog
  7258 | D:8      | Reached XP level 10. HP: 16/77 MP: 3/9
  8238 | D:9      | Found a shadowy altar of Dithmenos.
  8521 | D:9      | Paralysed by a hornet for 3 turns
  8526 | D:9      | Reached skill level 17 in Axes
  8582 | D:9      | Found a flagged portal.
  8595 | Bailey   | Entered a bailey
  8973 | Bailey   | Received a gift from Trog
  9593 | D:9      | Noticed Erolcha
  9600 | D:9      | Killed Erolcha
  9600 | D:9      | Reached skill level 18 in Axes
  9671 | D:9      | Found a staircase to the Orcish Mines.
  9943 | D:10     | Entered Level 10 of the Dungeon
 10151 | D:10     | Noticed a two-headed ogre
 10173 | D:10     | Killed a two-headed ogre
 10173 | D:10     | Reached XP level 11. HP: 29/82 MP: 3/10
 10451 | D:10     | Found a staircase to the Lair.
 10462 | D:10     | Reached skill level 19 in Axes
 10559 | D:10     | Found a portal to a secret trove of treasure.
 10712 | D:10     | Received a gift from Trog
 10750 | D:10     | Got a smoking iron amulet
 10910 | D:10     | Got a wavering jade ring
 10929 | D:10     | Identified the ring "Xolysch" {Fire +Inv MR+ Str+2 Dex+2} (You found it on level 10 of the Dungeon)
 10935 | D:10     | Identified the amulet "Zeaw" {Inacc Int+4 SInv} (You found it on level 10 of the Dungeon)
 11113 | D:11     | Noticed a cyan ugly thing
 11121 | D:11     | Killed a cyan ugly thing
 11238 | D:11     | Reached skill level 20 in Axes
 11454 | D:11     | Noticed a brown ugly thing
 11464 | D:11     | Killed a brown ugly thing
 12055 | D:12     | Received a gift from Trog
 12100 | D:12     | Reached skill level 21 in Axes
 12103 | D:12     | HP: 4/80 [vampire mosquito (3)]
 12106 | D:12     | Reached XP level 12. HP: 4/88 MP: 3/11
 12106 | D:12     | Slain by a vampire mosquito

Skill      XL: |  1  2  3  4  5  6  7  8  9 10 11 |
---------------+----------------------------------+-----
Axes           | 4 5 6 8 9 11 13 16 18 21 | 21.1
Fighting       | |  3.6
Armour         | |  2.4
Dodging        | |  2.1

Action                   |  1- 3 |  4- 6 |  7- 9 | 10-12 || total
-------------------------+-------+-------+-------+-------++-------
Melee: Hand axe          |    76 |   141 |       |       ||   217
       Headbutt          |     7 |    34 |   109 |    90 ||   240
       War axe           |       |    16 |   327 |       ||   343
       Battleaxe         |       |       |    17 |   314 ||   331
 Fire: Hand crossbow     |       |       |       |    86 ||    86
Invok: Berserk           |       |     1 |       |     1 ||     2
       Trog's Hand       |       |       |       |     1 ||     1
       Brothers in Arms  |       |       |       |     1 ||     1
  Use: Potion            |     4 |     3 |     2 |     1 ||    10
       Scroll            |       |    10 |     5 |     4 ||    19
 Stab: Sleeping          |     1 |       |       |       ||     1
  Eat: Chunk             |     1 |     8 |    13 |    19 ||    41
Armor: Animal skin       |    14 |    11 |       |       ||    25
       Chain mail        |       |    51 |   146 |   151 ||   348
       Crystal plate arm |       |       |       |    88 ||    88
Dodge: Dodged            |    57 |    76 |   102 |   138 ||   373
